3192 views
Uploaded 2020-04-17 22:33:54
Game version 1.32.3
20:35 long 1on1 ladder game on (2)Dalaran
Saved by BEARAND
3192 views
Uploaded 2020-04-17 22:33:54
Game version 1.32.3
20:35 long 1on1 ladder game on (2)Dalaran

28 units @ 3.1k
/ 0.3k
59 buildings @ 3.3k
/ 1.7k



| Scroll of Regeneration | 3 | 300 |
| Potion of Healing | 4 | 600 |
| Staff of Sanctuary | 3 | 750 |
| Orb of Fire | 1 | 325 |
| Scroll of Town Portal | 1 | 350 |
| Staff of Teleportation | 3 | 450 |
| Boots of Speed | 4 | 1000 |
| total: | 19 | 3775g |
| Peasant | 20 | 1500 | / | 0 |
| Priest | 1 | 135 | / | 10 |
| Dragonhawk Rider | 5 | 1000 | / | 150 |
| Goblin Zeppelin | 2 | 480 | / | 120 |
| total: | 28 | 3115g | / | 280w |
| Scout Tower | 44 | 1320 | / | 880 |
| Arcane Tower | 3 | 210 | / | 150 |
| Guard Tower | 28 | 1960 | / | 1400 |
| Altar of Kings | 1 | 180 | / | 50 |
| Farm | 6 | 480 | / | 120 |
| Lumber Mill | 1 | 120 | / | 0 |
| Arcane Vault | 2 | 260 | / | 60 |
| Town Hall | 1 | 385 | / | 205 |
| Blacksmith | 1 | 140 | / | 60 |
| Barracks | 1 | 160 | / | 60 |
| Arcane Sanctum | 1 | 150 | / | 140 |
| Gryphon Aviary | 1 | 140 | / | 150 |
| Keep | 1 | 320 | / | 210 |
| Castle | 1 | 360 | / | 210 |
| total: | 59 | 3335g | / | 1725w |
| 0:03 | Peasant |
| 0:03 | Peasant |
| 0:04 | Peasant |
| 0:10 | Altar of Kings |
| 0:13 | Farm |
| 0:16 | Peasant |
| 0:19 | Farm |
| 0:24 | Lumber Mill |
| 0:32 | Peasant |
| 0:58 | Peasant |
| 1:01 | Scout Tower |
| 1:02 | Peasant |
| 1:12 | Peasant |
| 1:21 | Farm |
| 1:23 | Arcane Vault |
| 1:27 | Scout Tower |
| 1:28 | Peasant |
| 1:37 | Arcane Tower |
| 1:52 | Peasant |
| 1:56 | Peasant |
| 1:59 | Scout Tower |
| 2:03 | Guard Tower |
| 2:04 | Scout Tower |
| 2:08 | Blizzard |
| 2:24 | Peasant |
| 2:25 | Peasant |
| 2:46 | Guard Tower |
| 2:47 | Scout Tower |
| 2:55 | Peasant |
| 2:55 | Peasant |
| 2:55 | Peasant |
| 3:12 | Scout Tower |
| 3:14 | Peasant |
| 3:14 | Peasant |
| 3:59 | Guard Tower |
| 4:00 | Guard Tower |
| 4:10 | Brilliance Aura |
| 4:23 | Keep |
| 4:24 | Scout Tower |
| 4:25 | Scout Tower |
| 4:32 | Staff of Teleportation |
| 4:33 | Boots of Speed |
| 4:48 | Scroll of Regeneration |
| 4:55 | Guard Tower |
| 5:04 | Farm |
| 5:18 | Scroll of Regeneration |
| 5:26 | Improved Masonry |
| 6:30 | Farm |
| 6:32 | Guard Tower |
| 6:50 | Blizzard |
| 7:04 | Town Hall |
| 7:07 | Scout Tower |
| 7:08 | Scout Tower |
| 7:08 | Scout Tower |
| 7:35 | Guard Tower |
| 7:36 | Scout Tower |
| 7:37 | Scout Tower |
| 7:48 | Arcane Sanctum |
| 7:54 | Guard Tower |
| 7:55 | Storm Bolt |
| 8:12 | Guard Tower |
| 8:13 | Scout Tower |
| 8:14 | Scout Tower |
| 8:27 | Staff of Teleportation |
| 8:51 | Boots of Speed |
| 8:51 | Boots of Speed |
| 9:00 | Guard Tower |
| 9:09 | Scout Tower |
| 9:10 | Scout Tower |
| 9:40 | Arcane Vault |
| 9:42 | Peasant |
| 9:42 | Peasant |
| 9:43 | Guard Tower |
| 9:43 | Guard Tower |
| 9:56 | Potion of Healing |
| 10:01 | Castle |
| 10:07 | Guard Tower |
| 10:20 | Farm |
| 10:21 | Magic Sentry |
| 10:22 | Priest |
| 10:53 | Advanced Masonry |
| 10:55 | Improved Lumber Harvesting |
| 11:00 | Gryphon Aviary |
| 11:02 | Blacksmith |
| 11:03 | Bash |
| 11:33 | Scroll of Regeneration |
| 11:54 | Scout Tower |
| 11:55 | Scout Tower |
| 11:55 | Scout Tower |
| 11:55 | Scout Tower |
| 11:57 | Scout Tower |
| 11:57 | Scout Tower |
| 11:58 | Scout Tower |
| 11:59 | Scout Tower |
| 11:59 | Scout Tower |
| 12:03 | Scout Tower |
| 12:03 | Scout Tower |
| 12:04 | Scout Tower |
| 12:04 | Scout Tower |
| 12:04 | Scout Tower |
| 12:05 | Scout Tower |
| 12:05 | Scout Tower |
| 12:06 | Scout Tower |
| 12:07 | Scout Tower |
| 12:07 | Scout Tower |
| 12:08 | Scout Tower |
| 12:08 | Scout Tower |
| 12:13 | Scroll of Town Portal |
| 12:25 | Arcane Tower |
| 12:59 | Goblin Zeppelin |
| 13:11 | Guard Tower |
| 13:25 | Dragonhawk Rider |
| 13:26 | Dragonhawk Rider |
| 13:26 | Dragonhawk Rider |
| 13:26 | Dragonhawk Rider |
| 13:35 | Potion of Healing |
| 13:40 | Staff of Sanctuary |
| 13:46 | Imbued Masonry |
| 13:49 | Advanced Lumber Harvesting |
| 14:05 | Guard Tower |
| 14:09 | Guard Tower |
| 14:24 | Barracks |
| 14:34 | Arcane Tower |
| 14:34 | Guard Tower |
| 14:40 | Guard Tower |
| 15:01 | Holy Light |
| 15:09 | Iron Forged Swords |
| 15:09 | Studded Leather Armor |
| 15:14 | Boots of Speed |
| 15:14 | Staff of Teleportation |
| 15:18 | Orb of Fire |
| 15:18 | Staff of Sanctuary |
| 15:25 | Cloud |
| 16:01 | Guard Tower |
| 16:27 | Steel Forged Swords |
| 16:52 | Animal War Training |
| 17:10 | Scout Tower |
| 17:10 | Scout Tower |
| 17:32 | Brilliance Aura |
| 17:42 | Scout Tower |
| 17:46 | Dragonhawk Rider |
| 17:47 | Reinforced Leather Armor |
| 18:02 | Potion of Healing |
| 18:13 | Guard Tower |
| 18:17 | Staff of Sanctuary |
| 18:30 | Guard Tower |
| 19:15 | Divine Shield |
| 19:16 | Storm Bolt |
| 19:39 | Goblin Zeppelin |
| 19:44 | Guard Tower |
| 19:48 | Scout Tower |
| 19:48 | Scout Tower |
| 19:48 | Scout Tower |
| 20:26 | Potion of Healing |
| Right click | 1808 |
| Select | 685 |
| Select group | 251 |
| Build/train/purchase | 198 |
| Use ability | 57 |
| Assign group | 27 |
| Misc. action | 27 |
| Item give/drop | 22 |
| Chat | 20 |
/ 1k
19 buildings @ 3.3k
/ 1.6k

| Wisp | 20 | 1200 | / | 0 |
| Huntress | 5 | 975 | / | 100 |
| Archer | 1 | 130 | / | 10 |
| Dryad | 3 | 435 | / | 180 |
| Glaive Thrower | 4 | 840 | / | 260 |
| Chimaera | 3 | 990 | / | 210 |
| Druid of the Claw | 3 | 765 | / | 240 |
| Forest Troll Shadow Priest | 1 | 195 | / | 10 |
| total: | 40 | 5530g | / | 1010w |
| Ancient Protector | 3 | 405 | / | 240 |
| Altar of Elders | 1 | 180 | / | 50 |
| Moon Well | 8 | 1440 | / | 320 |
| Hunter's Hall | 1 | 210 | / | 100 |
| Ancient of War | 1 | 150 | / | 60 |
| Tree of Life | 1 | 340 | / | 185 |
| Ancient of Lore | 2 | 310 | / | 290 |
| Chimaera Roost | 2 | 280 | / | 380 |
| Tree of Ages | 1 | 320 | / | 180 |
| Tree of Eternity | 1 | 330 | / | 200 |
| total: | 19 | 3315g | / | 1625w |
| 0:05 | Wisp |
| 0:05 | Wisp |
| 0:05 | Wisp |
| 0:10 | Altar of Elders |
| 0:17 | Moon Well |
| 0:19 | Wisp |
| 0:30 | Wisp |
| 0:39 | Wisp |
| 0:50 | Wisp |
| 1:06 | Wisp |
| 1:30 | Hunter's Hall |
| 1:41 | Wisp |
| 1:46 | Ancient of War |
| 1:51 | Wisp |
| 2:05 | Moon Well |
| 2:14 | Fan of Knives |
| 2:27 | Wisp |
| 3:14 | Tree of Ages |
| 3:18 | Moon Well |
| 3:20 | Huntress |
| 3:37 | Strength of the Moon |
| 3:54 | Moon Well |
| 4:01 | Archer |
| 4:03 | Huntress |
| 4:20 | Huntress |
| 4:37 | Huntress |
| 4:54 | Moon Armor |
| 4:56 | Ultravision |
| 5:14 | Huntress |
| 5:18 | Shadow Strike |
| 5:46 | Ancient of Lore |
| 5:50 | Ancient of Lore |
| 6:04 | Wisp |
| 6:05 | Wisp |
| 6:15 | Moon Glaive |
| 6:56 | Tree of Life |
| 7:04 | Fan of Knives |
| 7:07 | Abolish Magic |
| 7:09 | Druid of the Claw Adept Training |
| 7:17 | Wisp |
| 7:17 | Wisp |
| 7:18 | Wisp |
| 7:18 | Wisp |
| 7:53 | Ancient Protector |
| 8:12 | Ancient Protector |
| 8:34 | Dryad |
| 9:04 | Tree of Eternity |
| 9:09 | Dryad |
| 9:45 | Forest Troll Shadow Priest |
| 9:53 | Wisp |
| 9:53 | Wisp |
| 10:16 | Wisp |
| 10:36 | Moon Well |
| 10:42 | Ancient Protector |
| 10:46 | Shadow Strike |
| 10:56 | Dryad |
| 11:01 | Strength of the Wild |
| 11:38 | Vorpal Blades |
| 11:39 | Glaive Thrower |
| 11:39 | Glaive Thrower |
| 11:44 | Moon Well |
| 11:49 | Chimaera Roost |
| 11:51 | Reinforced Hides |
| 12:42 | Chimaera Roost |
| 13:01 | Improved Strength of the Wild |
| 13:04 | Improved Reinforced Hides |
| 13:13 | Corrosive Breath |
| 13:17 | Moon Well |
| 14:11 | Chimaera |
| 14:18 | Moon Well |
| 14:21 | Druid of the Claw Master Training |
| 14:26 | Chimaera |
| 14:44 | Glaive Thrower |
| 15:05 | Glaive Thrower |
| 15:16 | Chimaera |
| 16:45 | Mark of the Claw |
| 16:45 | Druid of the Claw |
| 16:47 | Druid of the Claw |
| 17:57 | Druid of the Claw |
| 18:08 | Advanced Reinforced Hides |
| 19:06 | Advanced Strength of the Wild |
| 19:40 | Sentinel |
| Right click | 408 |
| Select | 381 |
| Build/train/purchase | 86 |
| Chat | 21 |
| Use ability | 5 |
| Misc. action | 2 |
| Remove unit | 2 |
| Item give/drop | 1 |